AoeStats
← MattAtArms

Arabia

504772819Analyzed
1v1 RM · 27d ago on Sep 6, 2026· 39m 13s· 2 players
Game mode
Random Map
Map size
Tiny (2 player)
Population
200
Speed
Normal
Resources
Standard
Victory
Conquest
Starting age
Dark Age
Ending age
Imperial Age
RankedLock teamsTeams togetherTeam positionsShared explorationLock speedFull tech treeHidden civsTurbo modeCheats
Victory
Defeat
🇬🇧 Hindustanis · United Kingdom
1910
+23
🇨🇴 Slavs · Colombia
2072
-23
VL Tou
5:38 Loom
9:02 Feudal Age
9:15 Man-at-Arms
12:45 Double-Bit Axe
14:02 Horse Collar
20:51 Castle Age
19:32 Gold Mining
20:34 Fletching
21:21 Scale Barding Armor
21:54 Bow Saw
22:32 Crossbowman
23:36 Elite Skirmisher
24:37 Bodkin Arrow
25:08 Padded Archer Armor
26:58 Leather Archer Armor
28:09 Ballistics
28:27 Wheelbarrow
31:29 Hand Cart
33:23 Guard Tower
38:35 Imperial Age
38:19 Chain Barding Armor
38:33 Bloodlines
38:23 Husbandry
38:32 Detinets
39:14 Forging
MattAtArms
8:24 Feudal Age
7:19 Loom
8:53 Double-Bit Axe
9:27 Loom
14:36 Town Watch
15:11 Fletching
21:55 Castle Age
20:30 Padded Archer Armor
20:22 Gold Mining
20:13 Horse Collar
21:35 Padded Archer Armor
21:57 Crossbowman
22:45 Bodkin Arrow
24:26 Bow Saw
25:55 Ballistics
28:53 Wheelbarrow
36:20 Imperial Age
34:29 Thumb Ring
36:25 Leather Archer Armor
36:42 Heavy Plow
37:37 Bracer
38:38 Chemistry
37:10 Heavy Cavalry Archer
38:26 Ring Archer Armor
38:30 Hand Cart
38:43 Husbandry
38:54 Bloodlines
38:51 Scale Barding Armor
38:56 Forging
39:29 Conscription
39:12 Scale Mail Armor
Connection lost

Rejoining the realm…

Still unreachable

The connection could not be restored.

Session expired

The server has moved on; the page needs a fresh start.